 Dungeon Crawl Stone Soup version 0.31-a0-278-g485e682e34 (webtiles) character file.

Game seed: 11231692960147907282

86 Morbidden the Changeling (level 4, 0/33 HPs)
             Began as a Demonspawn Shapeshifter on July 16, 2023.
             Killed from afar by an orc wizard (5 damage)
             ... with a magic dart
             ... on level 4 of the Dungeon.
             The game lasted 00:02:36 (2395 turns).

Morbidden the Changeling (Demonspawn Shapeshifter)  Turns: 2395, Time: 00:02:38

Health: 0/33       AC:  5    Str: 16    XL:     4   Next: 27%
Magic:  4/4        EV: 11    Int:  9    God:
Gold:   134        SH:  0    Dex: 13    Spells: 3/3 levels left

rFire   . .          .
                       - Unarmed
rCold   . . .        (no shield)
rNeg    . . .        d - +0 ring mail
rPois   .            (helmet currently unavailable)
rElec   .            (cloak currently unavailable)
rCorr   .            (gloves currently unavailable)
SInv    +            (boots currently unavailable)
Will    .....        (no amulet) Stlth
                     m - ring of see invisible
HPRegen 0.25/turn    (no ring)
MPRegen 0.09/turn

%: no passive effects
@: confused, beast-form, unable to read
A: beast (slay +2), hooves 2, powered by pain 1, horns 1, weak 1, inability to
read after injury 1
a: Begin Untransformation


You were on level 4 of the Dungeon.
You were a hulking beast.
You visited 1 branch of the dungeon, and saw 4 of its levels.

You collected 134 gold pieces.

Inventory:

Hand Weapons
 b - a +0 sling
Missiles
 j - 9 javelins (quivered)
 r - 11 stones
Armour
 d - a +0 ring mail (worn)
Jewellery
 m - a ring of see invisible (left hand)
Talismans
 c - a beast talisman
Scrolls
 a - a scroll of noise {unknown}
 e - a scroll of fear {unknown}
 g - a scroll of revelation {unknown}
 h - a scroll of enchant weapon {unknown}
 i - 3 scrolls of identify {unknown}
 k - a scroll of silence {unknown}
 l - a scroll of fog {unknown}
 n - a scroll of acquirement {unknown}
 p - 2 scrolls of teleportation {unknown}
Potions
 f - a potion of mutation
 o - a potion of lignification
 q - a potion of curing {unknown}


   Skills:
 * Level 2.3 Fighting
 + Level 0.4 Armour
 * Level 2.1 Dodging
 + Level 0.3 Stealth
 * Level 2.5 Unarmed Combat
 * Level 3.4 Shapeshifting


You had 3 spell levels left.
You didn't know any spells.
Your spell library was empty.

Dungeon Overview and Level Annotations

Branches:
Dungeon (4/15)
 Temple: D:4-7

Altars:
Nemelex Xobeh


Innate Abilities, Weirdness & Mutations

You are a hulking beast.
Your limbs bulge with bestial killing power. (Slay +2)
You have hoof-like feet.
You sometimes gain a little power by taking damage.
You have a pair of small horns on your head.
You are weak. (Str -2)
You occasionally lose the ability to read scrolls when taking damage.


Message History

You feel sick.
The orc wizard gestures at you while chanting.
You are confused.
Unknown command.
Unknown command.
You feel sick.
Unknown command.
You feel sick. The orc wizard barely misses you. The orc misses you.
You feel sick.
You feel sick.
The orc wizard gestures at you while chanting.
You are more confused.
The orc barely misses you.
The kobold throws a stone.
The stone hits you but does no damage.
The orc wizard attacks as you move away!
The orc wizard hits you with a +0 dagger.
You feel sick.
You are no longer poisoned.
The orc wizard gestures at you while chanting.
The magic dart hits you. The orc hits you but does no damage.
Unknown command.
You hit the orc wizard.
The orc wizard is lightly wounded.
The orc wizard barely misses you.
The orc wizard hits you with a +0 dagger.
The orc hits you from afar with a +0 trident.
An orc opens the door.
The orc wizard attacks as you move away!
The orc wizard closely misses you. The orc wizard casts a spell at you.
The puff of flame hits you!
* * * LOW HITPOINT WARNING * * *
Unknown command.
It was a potion of mutation.
You feel extremely strange.
You occasionally lose the ability to read scrolls when taking damage.
A pair of horns grows on your head!
You feel weaker.
The orc wizard points at you and mumbles some strange words.
The magic dart hits you.
You feel threatened and lose the ability to read scrolls!
You die...

...... ......
##+###......
#.?.........
#........... ..
#....)...... ...
#..o........ ...
#.ooK.......
#.##h#o##......
#....†.........
..#....†.........
..#..............
.................
..##.........#####
.............#
####........#
+........#


You could see an orc wizard, 2 orcs and a kobold.

Vanquished Creatures
  2 adders
  A worm (D:2)
  3 dart slugs (D:1)
  An orc (D:4)
  6 bats
  6 endoplasms
  3 giant cockroaches (D:1)
  6 goblins
  4 hobgoblins
  9 kobolds
  A quokka (D:3)
  7 ball pythons
  A frilled lizard (D:1)
  2 rats
52 creatures vanquished.

Notes
Turn   | Place    | Note
-------+----------+-------------------------------------------
     0 | D:1      | Morbidden the Demonspawn Shapeshifter began the quest for
                  | the Orb.
     0 | D:1      | Reached XP level 1. HP: 16/16 MP: 1/1
   102 | D:1      | Gained mutation: You have large cloven feet. [demonic
                  | ancestry]
   102 | D:1      | Reached XP level 2. HP: 22/22 MP: 2/2
   130 | D:1      | Reached skill level 3 in Shapeshifting
   701 | D:2      | Gained mutation: You have hoof-like feet. [demonic
                  | ancestry]
   701 | D:2      | Reached XP level 3. HP: 27/27 MP: 3/3
   793 | D:2      | Found a sparkling altar of Nemelex Xobeh.
   878 | D:2      | Found a faded altar of an unknown god.
  1568 | D:3      | Gained mutation: You sometimes gain a little power by
                  | taking damage. [demonic ancestry]
  1568 | D:3      | Reached XP level 4. HP: 33/33 MP: 4/4
  2395 | D:4      | Gained mutation: You occasionally lose the ability to read
                  | scrolls when taking damage. [potion of mutation]
  2395 | D:4      | Gained mutation: You have a pair of small horns on your
                  | head. [potion of mutation]
  2395 | D:4      | Gained mutation: You are weak. (Str -2) [potion of
                  | mutation]
  2395 | D:4      | Killed from afar by an orc wizard

Illustrated notes

Levels and vault maps discovered:
D:1:      lemuel_arrival_river_ford, layout_basic
D:2:      layout_rooms, basic_altar, shapermc_ecumenical_altar_mp_ritualfount,
          minmay_indecisive_spiral
D:3:      layout_basic, serial_rivers, chequers_serial_rivers_small_b,
          chequers_serial_rivers_micro_b, chequers_serial_rivers_large_b,
          chequers_serial_rivers_small_a, chequers_serial_rivers_small_a,
          chequers_serial_rivers_large_a
D:4:      layout_basic, minmay_temple_entry_glassed_door

Skill      XL: |  1  2 |
---------------+-------+-----
Shapeshifting  | 3 |  3.4
Unarmed Combat | 2 |  2.5
Dodging        | 2 |  2.1
Fighting       | |  2.3
Armour         | |  0.4
Stealth        | |  0.3

Action                     |  1- 3 |  4- 6 || total
---------------------------+-------+-------++-------
  Melee: Unarmed           |    90 |    10 ||   100
         Punch             |     1 |       ||     1
         Kick              |    23 |     4 ||    27
   Fire: Sling             |       |    12 ||    12
  Throw: Stone             |    25 |     1 ||    26
    Use: Potion            |       |     1 ||     1
 Armour: Animal skin       |     5 |       ||     5
         Ring mail         |    23 |     9 ||    32
  Dodge: Dodged            |    59 |    14 ||    73

Table legend: (Time is in decaauts)
 A = Elapsed time spent in this place.
 B = Non-inter-level travel time spent in this place.
 C = Inter-level travel time spent in this place.
 D = Time resting spent in this place.
 E = Time spent auto-exploring this place.
 F = Levels seen in this place.
 G = Mean time per level.
                   A        B        C        D        E       F      G
               +--------+--------+--------+--------+--------+-----+--------+
         Total |   2443 |   2356 |     87 |      0 |   2003 |   4 |  610.8 |
       Dungeon |   2443 |   2356 |     87 |      0 |   2003 |   4 |  610.8 |
               +--------+--------+--------+--------+--------+-----+--------+

Top non-repeatable levels by time:
     D:3: 1022 daAuts
     D:1: 783 daAuts
     D:2: 606 daAuts
     D:4: 31 daAuts
